 Dungeon Crawl Stone Soup version 0.31-a0-1620-gcbf77bbcfc (webtiles) character file.

Game seed: 16787331333495881890

165 MacCMillion the Chopper (level 5, -2/41 HPs)
             Began as a Formicid Fighter on Jan 11, 2024.
             Incinerated by a bombardier beetle (6 damage)
             ... with a burning spray
             ... on level 3 of the Dungeon.
             The game lasted 00:03:19 (1834 turns).

MacCMillion the Chopper (Formicid Fighter)          Turns: 1834, Time: 00:03:20

Health: -2/41      AC: 11    Str: 22    XL:     5   Next: 75%
Magic:  5/5        EV:  6    Int:  8    God:
Gold:   81         SH:  5    Dex: 13    Spells: 4/4 levels left

rFire   . . .        a - +0 war axe
rCold   . . .        c - +0 buckler
rNeg    . . .        m - +0 plate armour
rPois   .            (helmet unavailable)
rElec   .            (no cloak)
rCorr   .            (no gloves)
SInv    +            (no boots)
Will    .....        (no amulet) Stlth
                     (no ring)
HPRegen 0.26/turn    (no ring)
MPRegen 0.09/turn

%: no passive effects
@: on fire, glowing
A: permanent stasis, dig shafts and tunnels, antennae 3, four strong arms
a: Dig, Shaft Self


You were on level 3 of the Dungeon.
You visited 1 branch of the dungeon, and saw 3 of its levels.

You collected 81 gold pieces.

Inventory:

Hand Weapons
 a - a +0 war axe (weapon)
Armour
 c - a +0 buckler (worn)
 m - a +0 plate armour (worn)
Scrolls
 e - a scroll of identify
 j - a scroll of brand weapon
 k - a scroll of fog
 l - a scroll of revelation
Potions
 b - 2 potions of mutation
 d - 2 potions of might
 g - a potion of enlightenment
 h - a potion of brilliance


   Skills:
 - Level 3.2 Fighting
 + Level 5.5 Axes
 - Level 3.2 Armour
 - Level 4.0 Shields


You had 4 spell levels left.
You didn't know any spells.
Your spell library contained the following spells:

 Spells                   Type           Power      Damage    Failure   Level
 Necrotise                Necr           0%         1d4       100%        1
 Vampiric Draining        Necr           0%         2d6       100%        3
 Martyr's Knell           Necr/Summ      0%         N/A       100%        4
 Curse of Agony           Necr           0%         N/A       100%        5


Dungeon Overview and Level Annotations

Branches:
Dungeon (3/15)

Altars:

Shops:
D:1 !


Innate Abilities, Weirdness & Mutations

You cannot be hasted, slowed, berserked, paralysed or teleported.
You can dig through walls and to a lower floor.
You have a pair of large antennae on your head. (SInv)
Your four strong arms can wield two-handed weapons with a shield.


Message History

You barely miss the rat. The rat bites you.
The rat bites you but does no damage.
You slash the rat!
You kill the rat!
No target in view!
You sense a monster nearby.
A bombardier beetle comes into view.
A bombardier beetle is nearby!
You hit the bombardier beetle but do no damage.
The bombardier beetle bites you but does no damage.
You hit the bombardier beetle.
The bombardier beetle is lightly wounded.
The bombardier beetle bites you but does no damage.
You slash the bombardier beetle!
The bombardier beetle is severely wounded.
The bombardier beetle sprays incendiary fluid at you.
The burning spray hits you.
You are covered in liquid fire!
You hit the bombardier beetle.
You kill the bombardier beetle!
The liquid fire burns you!
No target in view!
You are on fire!
You are on fire!
Unknown command.
You are on fire!
The liquid fire burns you! The liquid fire burns you!
The liquid fire burns you! The liquid fire burns you!
The liquid fire burns you! The liquid fire burns you!
* * * LOW HITPOINT WARNING * * *
The liquid fire burns you!
* * * LOW HITPOINT WARNING * * *
The liquid fire burns you!
* * * LOW HITPOINT WARNING * * *
Okay, then.
The liquid fire burns you!
You die...

# #.## .# #.## .♣♣
♣♣#####.## ########..
.........# ##......#.♣
♣♣........ ..........#
#........#
#........##.##........#
#...........###........
#.....@♣#♣#♣#♣#♣.♣.....
#......................
#......♣#♣.♣#♣#♣.♣.....
######## ##.##########.
########....# #.
........###.# ##
........###.########
.............##.....
..............#.....


There were no monsters in sight!

Vanquished Creatures
  A bombardier beetle (D:3)
  Terence (D:3)
  5 adders
  2 ribbon worms (D:2)
  2 ball pythons
  5 endoplasms
  3 giant cockroaches
  3 hobgoblins
  9 jackals
  10 kobolds
  2 quokkas
  6 bats
  2 frilled lizards (D:2)
  8 rats
59 creatures vanquished.

Notes
Turn   | Place    | Note
-------+----------+-------------------------------------------
     0 | D:1      | MacCMillion the Formicid Fighter began the quest for the
                  | Orb.
     0 | D:1      | Reached XP level 1. HP: 18/18 MP: 1/1
    53 | D:1      | Found Opnoysch's Distillery.
    91 | D:1      | Reached XP level 2. HP: 17/24 MP: 2/2
   245 | D:1      | Reached skill level 3 in Axes
   323 | D:1      | Reached XP level 3. HP: 29/29 MP: 3/3
   871 | D:2      | Reached skill level 4 in Axes
   871 | D:2      | Reached XP level 4. HP: 29/35 MP: 4/4
  1541 | D:3      | Reached XP level 5. HP: 41/41 MP: 5/5
  1614 | D:3      | Noticed Terence
  1619 | D:3      | Killed Terence
  1620 | D:3      | Reached skill level 5 in Axes
  1834 | D:3      | Incinerated by a bombardier beetle

Illustrated notes

Levels and vault maps discovered:
D:1:      lightli_arrival_statuegarden, layout_basic, serial_shops,
          nicolae_shop_industrial_runoff, minmay_pentomino_o4
D:2:      minmay_chambers_of_ones, layout_basic, palyth_stone_intersect,
          reono_crystal_passage, roderic_serpentine_path
D:3:      layout_basic, serial_forest, infiniplex_forest_clump_tiny,
          infiniplex_forest_lined_3, infiniplex_forest_straight_2,
          infiniplex_forest_clump_diagonal, infiniplex_forest_lined_room_2,
          infiniplex_forest_lined_3, infiniplex_forest_corner_1,
          infiniplex_forest_lined_2, uniq_terence, uniq_natasha

Skill      XL: |  1  2  3  4  5 |
---------------+----------------+-----
Axes           | 3 4 5 |  5.5
Fighting       | |  3.2
Armour         | |  3.2
Shields        | |  4.0

Action                     |  1- 3 |  4- 6 || total
---------------------------+-------+-------++-------
  Melee: War axe           |    95 |    70 ||   165
    Use: Scroll            |       |     8 ||     8
 Armour: Scale mail        |    54 |    13 ||    67
         Plate armour      |       |    35 ||    35
  Dodge: Dodged            |    47 |    27 ||    74
  Block: Buckler           |    28 |    16 ||    44

Table legend: (Time is in decaauts)
 A = Elapsed time spent in this place.
 B = Non-inter-level travel time spent in this place.
 C = Inter-level travel time spent in this place.
 D = Time resting spent in this place.
 E = Time spent auto-exploring this place.
 F = Levels seen in this place.
 G = Mean time per level.
                   A        B        C        D        E       F      G
               +--------+--------+--------+--------+--------+-----+--------+
         Total |   1893 |   1795 |     98 |     19 |   1282 |   3 |  631.0 |
       Dungeon |   1893 |   1795 |     98 |     19 |   1282 |   3 |  631.0 |
               +--------+--------+--------+--------+--------+-----+--------+

Top non-repeatable levels by time:
     D:2: 847 daAuts
     D:1: 600 daAuts
     D:3: 445 daAuts
